 Dungeon Crawl Stone Soup version 0.21-a0-156-g77413b7 (webtiles) character file.

8767 drasked the Basher (level 11, -7/99 HPs)
             Began as a Hill Orc Fighter on Aug 3, 2017.
             Was an Elder of Beogh.
             Killed from afar by Fannar (42 damage)
             ... with a bolt of cold
             ... on level 11 of the Dungeon.
             The game lasted 00:30:17 (10425 turns).

drasked the Basher (Hill Orc Fighter)              Turns: 10425, Time: 00:30:17

Health: -7/99      AC: 19    Str: 23    XL:     11   Next: 36%
Magic:  20/20      EV:  5    Int:  8    God:    Beogh [****..]
Gold:   667        SH: 11    Dex: 10    Spells: 10/10 levels left

rFire    . . .     SeeInvis .   o - +9 club
rCold    . . .     Gourm    .   c - +0 shield
rNeg     . . .     Faith    .   a - +0 plate armour
rPois    .         Spirit   .   u - +0 helmet
rElec    .         Reflect  .   h - +2 cloak {MR+}
rCorr    .         Harm     .   F - +0 pair of gloves
MR       +....                  (no boots)
Stlth    ..........             (no amulet)
HPRegen  0.26/turn              p - ring of wizardry {Wiz+, !d}
MPRegen  0.17/turn              i - ring of magical power {MP+9}

@: drained
A: no striking features
a: Smiting, Recall Orcish Followers, Renounce Religion


You were on level 11 of the Dungeon.
You worshipped Beogh.
Beogh was greatly pleased with you.
You were not hungry.

You visited 1 branch of the dungeon, and saw 11 of its levels.

You collected 667 gold pieces.

Inventory:

Hand Weapons
 o - a +9 club (weapon)
   (You took it off Jessica on level 2 of the Dungeon)
Armour
 a - a +0 plate armour (worn)
   (You found it on level 6 of the Dungeon)
 c - a +0 shield (worn)
 h - a +2 cloak of magic resistance (worn)
   (You took it off Crazy Yiuf on level 4 of the Dungeon)
 u - a +0 helmet (worn)
   (You found it on level 3 of the Dungeon)
 F - a +0 pair of gloves (worn)
   (You found it on level 6 of the Dungeon)
Jewellery
 i - a ring of magical power (right hand) {MP+9}
   (You found it on level 4 of the Dungeon)
 p - a ring of wizardry (left hand) {Wiz+, !d}
   (You found it on level 2 of the Dungeon)
Wands
 x - a wand of disintegration (22/24)
   (You found it on level 4 of the Dungeon)
 y - a wand of iceblast (10/15)
   (You took it off Ijyb on level 5 of the Dungeon)
 z - a wand of iceblast (7/15)
   (You found it on level 10 of the Dungeon)
 Q - a wand of confusion (32/48)
   (You found it on level 8 of the Dungeon)
Scrolls
 e - a scroll of fear
 m - 3 scrolls of teleportation
 q - 3 scrolls of magic mapping {!r}
 r - 3 scrolls of identify
 s - a scroll of holy word {!r}
 w - 2 scrolls of recharging
 A - a scroll of remove curse
 B - 2 scrolls of enchant weapon
 I - 2 scrolls of amnesia
Potions
 b - 2 potions of lignification {!q}
 d - 2 potions of might
 j - 6 potions of curing
 l - a potion of haste
 n - 6 potions of flight
 v - a potion of invisibility
 E - 2 potions of magic
 K - a potion of resistance
 O - a potion of berserk rage {!q}
 P - a potion of heal wounds
Comestibles
 f - 6 bread rations {@e1}
 g - a fruit
 k - 8 meat rations {@e2}
 t - 5 royal jellies
 C - 4 chunks of flesh {@w0}


   Skills:
 + Level 10.1(9.5) Fighting
 * Level 12.3(11.7) Maces & Flails
 + Level 8.3(7.7) Armour
 + Level 9.4(8.9) Shields


You had 10 spell levels left.
You didn't know any spells.

Dungeon Overview and Level Annotations

Branches:
Dungeon (11/15)            Temple (0/1) D:5
   Lair: D:8-11         Orc: D:9-12

Altars:
Ashenzari
Cheibriados
Dithmenos
Gozag
Makhleb
Okawaru
Qazlal
Trog
The Shining One

Shops:
D:7 [

Portals:
Bailey: D:11

Annotations:
D:11 Fannar


Message History

You eat one of the 5 chunks of flesh {@w0}.
You start resting.
You hear the creaking of a very distant portcullis.
You regained 8 hp, and now have 71/99 hp.
You now have 667 gold pieces (gained 13).
Fannar the Cold-Hearted comes into view.
He is wielding a quarterstaff of freezing.
Fannar shouts!
Fannar casts a spell.
Fannar blinks!
A worker ant comes into view.
You hit Fannar but do no damage. Fannar hits you but does no damage.
You hit Fannar but do no damage.
Fannar hits you with a quarterstaff of freezing.
Fannar freezes you.
You take 4 damage, and have 74/99 hp.
You barely miss Fannar. Fannar casts a spell at you. The bolt of cold hits you!
You take 26 damage, and have 48/99 hp.
MASSIVE DAMAGE!!
You hit Fannar but do no damage. Fannar hits you but does no damage.
You thump Fannar! You closely miss Fannar.
Fannar hits you with a quarterstaff of freezing.
Fannar freezes you.
You take 8 damage, and have 41/99 hp.
You hit Fannar. Fannar hits you but does no damage.
You closely miss Fannar. You thump Fannar!
Fannar gestures wildly while chanting.
You hit Fannar but do no damage. Fannar hits you but does no damage.
You hit Fannar. The ice beast barely misses you.
Fannar hits you but does no damage.
You hit Fannar but do no damage. You block the ice beast's attack.
You barely miss Fannar. You block Fannar's attack.
Brunolf casts a cantrip, but nothing happens.
You block the ice beast's attack.
You hit Fannar but do no damage.
Fannar says, "I shall freeze you to your soul!"
Fannar hits you but does no damage.
You hit Fannar but do no damage.
The ice beast hits you but does no damage.
You barely miss Fannar.
Fannar hits you with a quarterstaff of freezing.
Fannar freezes you. You block the ice beast's attack.
You take 3 damage, and have 40/99 hp.
You hit Fannar.
Some snowflakes condense on Fannar.
Fannar hits you but does no damage.
You hit Fannar but do no damage. You block the ice beast's attack.
You hit Fannar but do no damage. Fannar hits you but does no damage.
The ice beast hits you but does no damage.
You hit Fannar. The ice beast barely misses you. Fannar barely misses you.
You miss Fannar. You barely miss Fannar.
The ice beast hits you but does no damage.
Brunolf casts a cantrip, but nothing happens.
You block Fannar's attack.
You closely miss Fannar.
The ice beast hits you but does no damage.
Fannar barely misses you.
You hit Fannar but do no damage.
The ice beast hits you but does no damage.
Your shield and plate armour prevent you from hitting Fannar.
Fannar hits you but does no damage. You block the ice beast's attack.
You closely miss Fannar.
Brunolf invokes the aid of Beogh against Fannar.
Fannar is smitten.
You block Fannar's attack.
Your shield and plate armour prevent you from hitting Fannar.
The ice beast completely misses you.
You completely miss Fannar. You block Fannar's attack.
The ice beast closely misses you.
You closely miss Fannar. You block Fannar's attack.
Brunolf miscasts a cantrip.
You block the ice beast's attack.
You miss Fannar. You block Fannar's attack.
You hit Fannar but do no damage. You block the ice beast's attack.
You hit Fannar but do no damage. Fannar hits you but does no damage.
The ice beast hits you but does no damage.
You hit Fannar.
The ice beast hits you but does no damage.
You block Fannar's attack.
You miss Fannar. The ice beast hits you. The ice beast freezes you.
You take 9 damage, and have 34/99 hp.
You barely miss Fannar. Fannar hits you but does no damage.
You sock Fannar!
You hear the steady creaking of a distant portcullis.
The ice beast hits you but does no damage.
You block Fannar's attack.
Your shield and plate armour prevent you from hitting Fannar.
The ice beast hits you but does no damage.
Your plate armour prevents you from hitting Fannar.
Fannar hits you but does no damage.
You barely miss Fannar. You block the ice beast's attack.
Fannar hits you but does no damage.
You hit Fannar.
The ice beast hits you but does no damage.
Fannar points at you and mumbles some strange words.
The bolt of cold hits you!
You die...

#....# #....#
#....#
#.##.##+###
#.........#
#.........#
#.......$.#
#.#.....Yo#
#.#......@#
#....#####ea..#
#....# ....$..
#....# .....#.
#.##.# .....#
#....# .....#
#....# ####...
#....# ...
#....#


You could see Fannar, an ice beast, a worker ant and the friendly Brunolf the
orc priest.

Vanquished Creatures
  2 two-headed ogres
  2 trolls
  The ghost of Tungsten the Cleaver, an amateur HOFi (D:4)
  Grinder (D:5)
  A hippogriff (D:9)
  Sigmund (D:4)
  5 yaks (D:9)
  A wraith (D:10)
  A wyvern (D:10)
  Grum (D:9)
  Menkaure (D:4)
  Edmund (D:4)
  3 ice beasts
  A black bear (D:9)
  An orc warrior (D:6)
  3 sky beasts (D:9)
  4 ogres
  2 phantoms
  4 wolves (D:9)
  A centaur (D:6)
  2 big kobolds
  2 bullfrogs
  3 scorpions
  9 wights
  11 killer bees
  9 howler monkeys
  5 crimson imps
  5 hounds
  2 jellies
  3 orc priests
  Crazy Yiuf (D:4)
  3 bullfrog skeletons
  6 orc wizards
  Jessica (D:2)
  Ijyb (D:5)
  4 iguanas
  12 worker ants
  A hound zombie (D:10)
  A worker ant zombie (D:10)
  A howler monkey zombie (D:5)
  12 adders
  A howler monkey skeleton (D:6)
  2 shadow imps
  A worm (D:4)
  2 dart slugs
  A leopard gecko (D:6)
  12 orcs
  A ball python (D:2)
  7 bats
  6 giant cockroaches
  4 goblins
  8 hobgoblins
  5 jackals
  22 kobolds
  5 quokkas
  5 frilled lizards
  A leopard gecko skeleton (D:5)
  A quokka skeleton (D:4)
  7 rats
222 creatures vanquished.

Vanquished Creatures (collateral kills)
  A black mamba (shapeshifter) (D:10)
  A centaur (D:10)
  A wight (D:10)
3 creatures vanquished.

Vanquished Creatures (others)
  An orc wizard (D:11)
  An orc priest (D:4)
  5 orcs
  4 goblins (D:11)
  2 jackals (D:4)
13 creatures vanquished.

Grand Total: 238 creatures vanquished

Notes
Turn   | Place    | Note
-------+----------+-------------------------------------------
     0 | D:1      | drasked the Hill Orc Fighter began the quest for the Orb.
     0 | D:1      | Reached XP level 1. HP: 19/19 MP: 1/1
   169 | D:1      | Reached XP level 2. HP: 25/27 MP: 2/2
   472 | D:1      | Reached skill level 4 in Fighting
   937 | D:2      | Reached skill level 3 in Maces & Flails
   937 | D:2      | Reached XP level 3. HP: 18/33 MP: 3/3
  1389 | D:2      | Noticed Jessica
  1411 | D:2      | Killed Jessica
  1411 | D:2      | Reached XP level 4. HP: 12/41 MP: 4/4
  1726 | D:2      | Found a snail-covered altar of Cheibriados.
  1732 | D:2      | Reached skill level 4 in Shields
  1788 | D:2      | Found an opulent altar of Gozag.
  2014 | D:3      | Found a snail-covered altar of Cheibriados.
  2022 | D:3      | Reached skill level 4 in Maces & Flails
  2337 | D:4      | Noticed Edmund
  2349 | D:4      | Killed Edmund
  2349 | D:4      | Reached skill level 5 in Fighting
  2349 | D:4      | Reached XP level 5. HP: 35/48 MP: 5/5
  2349 | D:4      | Reached XP level 6. HP: 41/56 MP: 6/6
  2463 | D:4      | Noticed Sigmund
  2473 | D:4      | Killed Sigmund
  2473 | D:4      | Reached skill level 5 in Maces & Flails
  2489 | D:4      | Became a worshipper of Beogh the Brigand
  2509 | D:4      | Reached skill level 5 in Shields
  2509 | D:4      | Reached XP level 7. HP: 43/61 MP: 7/7
  2518 | D:4      | Reached skill level 6 in Maces & Flails
  2523 | D:4      | Noticed Menkaure
  2551 | D:4      | Killed Menkaure
  2551 | D:4      | Reached skill level 6 in Fighting
  2656 | D:4      | Noticed Tungsten's ghost (amateur HOFi)
  3455 | D:4      | Killed Tungsten's ghost
  3455 | D:4      | Reached skill level 7 in Maces & Flails
  3455 | D:4      | Reached XP level 8. HP: 18/71 MP: 8/8
  3812 | D:4      | Reached skill level 4 in Armour
  4118 | D:4      | Reached skill level 6 in Shields
  4183 | D:4      | Found a runed door.
  4434 | D:4      | Noticed Crazy Yiuf
  4441 | D:4      | Killed Crazy Yiuf
  4610 | D:5      | Entered Level 5 of the Dungeon
  4804 | D:5      | Noticed Ijyb
  4826 | D:5      | Killed Ijyb
  4856 | D:5      | Found a staircase to the Ecumenical Temple.
  4946 | D:5      | Noticed Grinder
  4954 | D:5      | Killed Grinder
  4954 | D:5      | Reached skill level 7 in Fighting
  4954 | D:5      | Reached skill level 8 in Maces & Flails
  5362 | D:6      | Reached skill level 5 in Armour
  5362 | D:6      | Reached XP level 9. HP: 51/79 MP: 9/9
  6028 | D:6      | Reached skill level 9 in Maces & Flails
  6055 | D:6      | Reached * piety under Beogh
  6055 | D:6      | Reached skill level 7 in Shields
  6356 | D:7      | Reached skill level 8 in Fighting
  6655 | D:7      | Reached skill level 6 in Armour
  6699 | D:7      | Found Rixtuf's Antique Armour Shop.
  6805 | D:7      | Reached ** piety under Beogh
  7040 | D:8      | Noticed a two-headed ogre
  7134 | D:8      | Reached skill level 10 in Maces & Flails
  7268 | D:8      | Got a shimmering robe
  7343 | D:8      | Identified the cursed +1 robe of the Equinox {rF+} (You found it on level 8 of the Dungeon)
  7498 | D:8      | Killed a two-headed ogre
  7498 | D:8      | Reached skill level 8 in Shields
  7498 | D:8      | Reached XP level 10. HP: 34/90 MP: 10/10
  7868 | D:9      | Noticed a two-headed ogre
  7913 | D:9      | Killed a two-headed ogre
  7913 | D:9      | Reached skill level 9 in Fighting
  8125 | D:9      | Reached skill level 7 in Armour
  8148 | D:9      | Reached skill level 11 in Maces & Flails
  8638 | D:9      | Noticed Grum
  8668 | D:9      | Killed Grum
  8810 | D:9      | Reached XP level 11. HP: 97/97 MP: 11/11
  8837 | D:9      | Reached skill level 9 in Shields
  8866 | D:9      | Reached *** piety under Beogh
  9051 | D:9      | Found an iron altar of Okawaru.
  9055 | D:9      | Found a shattered altar of Ashenzari.
  9055 | D:9      | Found a stormy altar of Qazlal.
  9055 | D:9      | Found a bloodstained altar of Trog.
  9057 | D:9      | Found a shadowy altar of Dithmenos.
  9059 | D:9      | Found a glowing golden altar of the Shining One.
  9060 | D:9      | Found a burning altar of Makhleb.
  9195 | D:10     | Entered Level 10 of the Dungeon
  9258 | D:10     | Reached skill level 12 in Maces & Flails
  9258 | D:10     | Reached skill level 8 in Armour
  9909 | D:10     | Reached skill level 10 in Fighting
 10140 | D:11     | Noticed a red ugly thing
 10143 | D:11     | Found a flagged portal.
 10320 | D:11     | Reached **** piety under Beogh
 10320 | D:11     | Gained Brunolf as an ally
 10383 | D:11     | Noticed Fannar
 10425 | D:11     | Killed from afar by Fannar

Vault maps used:
D:1:      minmay_arrival_stone_box
D:2:      grunt_temple_overflow_open, grunt_decor_mini_mirrors, uniq_jessica
D:3:      cheibriados_altar_1
D:4:      uniq_menkaure, uniq_sigmund, uniq_crazy_yiuf_cottage, uniq_edmund
D:5:      minmay_temple_entry_steel_oval, first_bread, st_stairs_7,
          roderic_curled_sauvastika, uniq_ijyb, uniq_grinder
D:6:      hangedman_minor_gate_pass
D:7:      serial_shops, kennysheep_little_box
D:9:      minitemple, uniq_grum
D:11:     grunt_lair_entry_orc_guard_hut, enter_bailey_3, uniq_snorg,
          uniq_erica, uniq_fannar

Skill      XL: |  1  2  3  4  5  6  7  8  9 10 11 |
---------------+----------------------------------+-----
Fighting       | 4 5 6 7 8 9 10 | 10.1
Maces & Flails | 3 4 5 7 8 10 11 12 | 12.3
Shields        | 4 5 6 8 9 |  9.4
Armour         | 5 6 7 8 |  8.3

Action                   |  1- 3 |  4- 6 |  7- 9 | 10-12 || total
-------------------------+-------+-------+-------+-------++-------
Melee: Flail             |   137 |       |       |       ||   137
       Club              |       |    60 |   408 |   436 ||   904
Invok: Convert to Beogh  |       |     1 |       |       ||     1
  Use: Potion            |     1 |       |       |       ||     1
       Scroll            |       |       |    13 |    15 ||    28
 Stab: Distracted        |       |       |       |     1 ||     1
  Eat: Chunk             |     2 |     2 |    11 |     9 ||    24
       Fruit             |       |       |     4 |     2 ||     6
       Royal jelly       |       |       |     1 |       ||     1
Armor: Scale mail        |    72 |    18 |    96 |       ||   186
       Plate armour      |       |       |     2 |   173 ||   175
Dodge: Dodged            |    55 |    18 |    89 |    51 ||   213
Block: Shield            |    95 |    22 |   158 |   186 ||   461

Vault maps used:
D:1:      minmay_arrival_stone_box
D:2:      grunt_temple_overflow_open, grunt_decor_mini_mirrors, uniq_jessica
D:3:      cheibriados_altar_1
D:4:      uniq_menkaure, uniq_sigmund, uniq_crazy_yiuf_cottage, uniq_edmund
D:5:      minmay_temple_entry_steel_oval, first_bread, st_stairs_7,
          roderic_curled_sauvastika, uniq_ijyb, uniq_grinder
D:6:      hangedman_minor_gate_pass
D:7:      serial_shops, kennysheep_little_box
D:9:      minitemple, uniq_grum
D:11:     grunt_lair_entry_orc_guard_hut, enter_bailey_3, uniq_snorg,
          uniq_erica, uniq_fannar

Table legend:
 A = Turns spent in this place as a percentage of turns spent in the entire game.
 B = Non-inter-level travel turns spent in this place as a percentage of non-inter-level travel turns spent in the entire game.
 C = Inter-level travel turns spent in this place as a percentage of turns spent in this place.
 D = Turns resting spent in this place as a percentage of non-inter-level travel turns spent in this place.
 E = Turns spent auto-exploring this place as a percentage of non-inter-level travel turns spent in this place.
 F = Non-inter-level travel turns spent in this place divided by the number of levels of this place that you've seen.
                   A       B       C       D       E      F
               +-------+-------+-------+-------+-------+----------------------
         Total | 100.0 | 100.0 |   0.5 |   2.0 |   7.1 | 360.1
       Dungeon | 100.0 | 100.0 |   0.5 |   2.0 |   7.1 | 360.1
               +-------+-------+-------+-------+-------+----------------------

Table legend:
 A = Kills in this place as a percentage of kills in entire the game.
 B = Kills by you in this place as a percentage of kills by you in the entire game.
 C = Kills by friends in this place as a percentage of kills by friends in the entire game.
 D = Other kills in this place as a percentage of other kills in the entire game.
 E = Experience gained in this place as a percentage of experience gained in the entire game.
 F = Experience gained in this place divided by the number of levels of this place that you have seen.
                   A       B       C       D       E      F
               +-------+-------+-------+-------+-------+----------------------
         Total | 100.0 | 100.0 | 100.0 |  -nan | 100.0 | 1138.6
       Dungeon | 100.0 | 100.0 | 100.0 |  -nan | 100.0 | 1138.6
               +-------+-------+-------+-------+-------+----------------------
